[ PARTIDA AOE2 · #480457236 ]
Team RMBúlgaros vs Persians
[ ANÁLISIS DE REPETICIÓN · EXTRAÍDO DE LA PARTIDA GRABADA ]
Feudal
10:23
Castillos
22:36
Imperial
37:01
| APM promedio | 26.6 |
| APM pico | 78 |
| eAPM promedio | 15.2 |
| Aldeanos / militares | 110 / 65 |
Foco
⚔️ 30.6% · 🌾 69.4%
Militia ×43 · Konnik ×15 · Monk ×2 · Trebuchet (Packed) ×2 · Battering Ram ×2 · Scout Cavalry ×1
Feudal
12:15
Castillos
23:29
Imperial
40:21
| APM promedio | 16.8 |
| APM pico | 57 |
| eAPM promedio | 13.7 |
| Aldeanos / militares | 132 / 103 |
Foco
⚔️ 24.0% · 🌾 76.0%
Knight ×55 · Archer ×25 · Camel Scout ×11 · Spearman ×6 · Scout Cavalry ×3 · Trebuchet (Packed) ×2
Feudal
11:31
Castillos
17:33
Imperial
33:22
| APM promedio | 15.5 |
| APM pico | 40 |
| eAPM promedio | 11.4 |
| Aldeanos / militares | 127 / 75 |
Foco
⚔️ 21.6% · 🌾 78.4%
Militia ×64 · Spearman ×4 · Knight ×3 · Monk ×3 · Trebuchet (Packed) ×1
Feudal
9:24
Castillos
20:47
Imperial
—
| APM promedio | 29.1 |
| APM pico | 83 |
| eAPM promedio | 13.5 |
| Aldeanos / militares | 137 / 76 |
Foco
⚔️ 24.5% · 🌾 75.5%
Knight ×41 · Spearman ×19 · Scorpion ×8 · Scout Cavalry ×4 · Battering Ram ×4
Mapa de la partida
Recursos iniciales + cada clic de construcción. Líneas = muros · curvas = relieve. ◆ oro · ⬟ piedra · ● bayas · ✦ reliquia · ◌ hueco del cierre
Tu base· Abierta — hueco de 3t
Base de Dumb_Armadillo· ✓ Cerrada en 23:29 · 43t muro · 1 puerta(s)
Base de Besoin Dead· Abierta — hueco de 6t
Base de Ziron· Abierta — hueco de 3t
Terreno inicial suavizado · ◌ = hueco del cierre detectado · pasá el cursor para detalles
Inputs por minuto
— Juilji - - Dumb_Armadillo
Build order — Juilji
Primeras 150 de 205 acciones detectadas
| 0:01 | Crear | Villager (Male) |
| 0:02 | Crear | Villager (Male) |
| 0:04 | Construir | House |
| 0:06 | Construir | House |
| 0:40 | Crear | Villager (Male) ×2 |
| 1:45 | Crear | Villager (Male) |
| 2:12 | Construir | Lumber Camp |
| 2:16 | Crear | Villager (Male) |
| 2:56 | Crear | Villager (Male) |
| 3:00 | Crear | Villager (Male) |
| 3:00 | Crear | Villager (Male) |
| 4:07 | Crear | Villager (Male) |
| 4:07 | Crear | Villager (Male) |
| 4:08 | Crear | Villager (Male) |
| 4:28 | Crear | Villager (Male) |
| 4:36 | Construir | House |
| 4:39 | Construir | Mill |
| 5:43 | Crear | Villager (Male) ×2 |
| 6:02 | Crear | Villager (Male) |
| 6:13 | Crear | Villager (Male) |
| 6:14 | Crear | Villager (Male) |
| 6:18 | Investigar | Loom |
| 7:04 | Construir | Mining Camp |
| 8:02 | Investigar | Feudal Age |
| 8:06 | Crear | Villager (Male) |
| 8:06 | Crear | Villager (Male) |
| 8:49 | Construir | Barracks |
| 9:12 | Construir | House |
| 10:16 | Crear | Villager (Male) |
| 10:16 | Crear | Villager (Male) |
| 10:23 | Edad | Edad Feudal |
| 10:30 | Construir | Blacksmith |
| 10:35 | Construir | Farm |
| 10:59 | Crear | Militia |
| 11:00 | Crear | Militia |
| 11:00 | Crear | Militia |
| 11:02 | Crear | Militia |
| 11:11 | Construir | House |
| 11:16 | Construir | House |
| 11:37 | Investigar | Forging |
| 11:55 | Construir | Farm |
| 11:56 | Construir | Farm |
| 12:06 | Construir | Farm |
| 12:36 | Crear | Villager (Male) ×2 |
| 12:43 | Construir | Farm |
| 12:47 | Construir | Farm |
| 12:53 | Construir | Farm |
| 14:00 | Crear | Villager (Male) ×5 |
| 14:41 | Crear | Villager (Male) |
| 14:41 | Crear | Villager (Male) |
| 14:42 | Crear | Villager (Male) |
| 15:04 | Construir | Farm |
| 15:04 | Construir | Farm |
| 15:04 | Construir | Farm |
| 15:04 | Construir | Farm |
| 15:05 | Construir | Farm |
| 15:05 | Construir | Farm |
| 15:06 | Construir | Farm |
| 15:06 | Construir | Farm |
| 15:06 | Construir | Farm |
| 16:29 | Crear | Villager (Male) |
| 16:29 | Crear | Villager (Male) |
| 16:29 | Crear | Villager (Male) |
| 16:36 | Construir | Farm |
| 16:36 | Construir | Farm |
| 16:37 | Construir | Farm |
| 16:37 | Construir | Farm |
| 16:48 | Construir | Palisade Wall |
| 16:56 | Construir | Palisade Wall |
| 17:04 | Construir | Palisade Wall |
| 17:08 | Construir | Palisade Wall |
| 17:20 | Construir | Palisade Wall |
| 17:21 | Construir | Palisade Wall |
| 17:22 | Construir | Palisade Wall |
| 17:33 | Construir | Palisade Wall |
| 18:08 | Construir | Palisade Gate |
| 18:12 | Crear | Villager (Male) |
| 18:13 | Crear | Villager (Male) |
| 18:22 | Construir | House |
| 18:24 | Construir | House |
| 18:26 | Construir | House |
| 18:58 | Construir | Stable |
| 19:07 | Construir | Farm |
| 19:09 | Construir | Farm |
| 19:31 | Crear | Villager (Male) |
| 19:53 | Investigar | Castle Age |
| 19:53 | Investigar | Castle Age |
| 20:02 | Construir | Mining Camp |
| 20:30 | Crear | Militia |
| 20:30 | Crear | Militia |
| 20:32 | Investigar | Arson |
| 20:36 | Crear | Militia |
| 20:38 | Crear | Militia |
| 20:43 | Investigar | Double-Bit Axe |
| 20:45 | Investigar | Horse Collar |
| 22:12 | Construir | Palisade Wall |
| 22:36 | Edad | Edad de los Castillos |
| 22:37 | Crear | Militia ×5 |
| 22:57 | Construir | Town Center |
| 23:55 | Investigar | Iron Casting |
| 24:00 | Investigar | Scale Mail Armor |
| 24:03 | Investigar | Scale Barding Armor |
| 24:08 | Investigar | Husbandry |
| 24:14 | Investigar | Bloodlines |
| 24:37 | Crear | Villager (Male) ×5 |
| 24:39 | Crear | Villager (Male) ×5 |
| 24:40 | Crear | Villager (Male) ×5 |
| 25:04 | Construir | Palisade Gate |
| 25:09 | Construir | Palisade Wall |
| 25:52 | Crear | Scout Cavalry |
| 26:07 | Construir | Palisade Wall |
| 26:12 | Construir | Palisade Wall |
| 26:22 | Construir | Monastery |
| 26:49 | Construir | House |
| 27:11 | Crear | Monk |
| 27:26 | Crear | Villager (Male) |
| 27:26 | Crear | Villager (Male) |
| 27:38 | Construir | House |
| 27:39 | Construir | House |
| 27:49 | Construir | Farm |
| 27:50 | Construir | Farm |
| 27:50 | Construir | Farm |
| 28:06 | Construir | Farm |
| 28:53 | Construir | Town Center |
| 29:02 | Construir | Farm |
| 29:20 | Crear | Villager (Male) ×5 |
| 29:21 | Crear | Villager (Male) ×5 |
| 29:25 | Investigar | Gambesons |
| 29:26 | Investigar | Squires |
| 30:08 | Construir | Palisade Wall |
| 30:21 | Construir | Palisade Wall |
| 30:25 | Construir | Palisade Wall |
| 30:32 | Construir | Palisade Wall |
| 30:41 | Construir | House |
| 30:56 | Construir | House |
| 31:01 | Construir | House |
| 31:03 | Construir | House |
| 31:04 | Construir | House |
| 31:06 | Construir | House |
| 31:11 | Crear | Villager (Male) ×5 |
| 31:12 | Crear | Villager (Male) ×5 |
| 31:16 | Investigar | Chain Barding Armor |
| 31:16 | Investigar | Chain Mail Armor |
| 31:39 | Construir | Krepost |
| 32:11 | Construir | Palisade Gate |
| 33:04 | Crear | Villager (Male) ×5 |
| 33:11 | Construir | University |
| 33:48 | Investigar | Imperial Age |
| 33:57 | Construir | Farm |
| 34:04 | Crear | Monk |
Build order — Dumb_Armadillo
Primeras 150 de 340 acciones detectadas
| 0:08 | Crear | Villager (Male) |
| 0:08 | Crear | Villager (Male) |
| 0:08 | Crear | Villager (Male) |
| 0:08 | Crear | Villager (Male) |
| 0:08 | Crear | Villager (Male) |
| 0:08 | Crear | Villager (Male) |
| 0:08 | Crear | Villager (Male) |
| 0:08 | Crear | Villager (Male) |
| 0:08 | Crear | Villager (Male) |
| 0:10 | Construir | House |
| 0:13 | Construir | House |
| 1:47 | Construir | House |
| 1:55 | Construir | Lumber Camp |
| 2:00 | Crear | Villager (Male) |
| 2:00 | Crear | Villager (Male) |
| 2:17 | Crear | Villager (Male) |
| 2:17 | Crear | Villager (Male) |
| 2:20 | Crear | Villager (Male) |
| 2:20 | Crear | Villager (Male) |
| 3:13 | Crear | Villager (Male) |
| 3:13 | Crear | Villager (Male) |
| 3:47 | Crear | Villager (Male) |
| 3:47 | Crear | Villager (Male) |
| 3:48 | Crear | Villager (Male) |
| 4:29 | Construir | Mill |
| 4:37 | Crear | Villager (Male) |
| 4:38 | Crear | Villager (Male) |
| 4:46 | Crear | Villager (Male) |
| 4:46 | Crear | Villager (Male) |
| 4:50 | Crear | Villager (Male) |
| 5:11 | Construir | House |
| 5:27 | Construir | House |
| 5:39 | Crear | Villager (Male) |
| 5:39 | Crear | Villager (Male) |
| 5:56 | Crear | Villager (Male) |
| 5:56 | Crear | Villager (Male) |
| 5:57 | Crear | Villager (Male) |
| 6:54 | Crear | Villager (Male) |
| 6:55 | Crear | Villager (Male) |
| 6:55 | Crear | Villager (Male) |
| 6:55 | Crear | Villager (Male) |
| 7:03 | Construir | House |
| 7:04 | Construir | House |
| 7:09 | Construir | Palisade Wall |
| 7:12 | Crear | Villager (Male) |
| 7:12 | Crear | Villager (Male) |
| 7:35 | Construir | Palisade Wall |
| 7:38 | Crear | Villager (Male) |
| 7:38 | Crear | Villager (Male) |
| 8:39 | Crear | Villager (Male) |
| 8:40 | Crear | Villager (Male) |
| 8:58 | Construir | Barracks |
| 9:16 | Construir | Palisade Wall |
| 9:29 | Construir | Mining Camp |
| 9:32 | Investigar | Feudal Age |
| 9:46 | Investigar | Loom |
| 9:46 | Investigar | Feudal Age |
| 10:35 | Crear | Villager (Male) |
| 10:35 | Crear | Villager (Male) |
| 10:35 | Crear | Villager (Male) |
| 10:51 | Construir | Palisade Wall |
| 11:38 | Crear | Villager (Male) |
| 11:39 | Crear | Villager (Male) |
| 11:50 | Construir | Lumber Camp |
| 12:08 | Construir | Farm |
| 12:11 | Construir | Farm |
| 12:15 | Edad | Edad Feudal |
| 12:15 | Construir | Farm |
| 12:31 | Construir | Stable |
| 12:47 | Construir | Palisade Gate |
| 12:52 | Crear | Spearman |
| 12:52 | Crear | Spearman |
| 13:04 | Construir | House |
| 13:31 | Crear | Spearman |
| 13:31 | Crear | Spearman |
| 14:08 | Construir | Farm |
| 14:10 | Construir | Farm |
| 14:10 | Construir | Farm |
| 14:10 | Construir | Farm |
| 14:11 | Construir | Farm |
| 14:11 | Construir | Farm |
| 14:11 | Construir | Farm |
| 14:27 | Construir | Farm |
| 14:36 | Crear | Scout Cavalry |
| 14:36 | Crear | Scout Cavalry |
| 14:36 | Crear | Scout Cavalry |
| 15:32 | Construir | Farm |
| 16:30 | Construir | Farm |
| 16:31 | Construir | Farm |
| 16:59 | Construir | Mining Camp |
| 17:28 | Crear | Villager (Male) |
| 17:28 | Crear | Villager (Male) |
| 17:28 | Crear | Villager (Male) |
| 17:28 | Crear | Villager (Male) |
| 17:46 | Construir | Farm |
| 17:58 | Investigar | Double-Bit Axe |
| 18:00 | Investigar | Horse Collar |
| 18:12 | Construir | Farm |
| 19:00 | Crear | Villager (Male) |
| 19:00 | Crear | Villager (Male) |
| 19:10 | Construir | Blacksmith |
| 19:23 | Construir | Farm |
| 19:28 | Construir | Farm |
| 19:43 | Construir | Farm |
| 19:46 | Crear | Villager (Male) |
| 19:46 | Crear | Villager (Male) |
| 20:03 | Construir | Farm |
| 20:06 | Construir | Farm |
| 20:30 | Construir | Farm |
| 20:34 | Crear | Villager (Male) |
| 20:46 | Construir | Farm |
| 21:04 | Investigar | Castle Age |
| 21:04 | Investigar | Castle Age |
| 22:03 | Crear | Villager (Male) |
| 22:03 | Crear | Villager (Male) |
| 22:03 | Crear | Villager (Male) |
| 22:59 | Investigar | Town Watch |
| 22:59 | Investigar | Wheelbarrow |
| 23:14 | Crear | Spearman |
| 23:14 | Crear | Spearman |
| 23:29 | Edad | Edad de los Castillos |
| 23:34 | Construir | Town Center |
| 23:59 | Investigar | Bow Saw |
| 24:15 | Construir | Lumber Camp |
| 24:43 | Construir | Farm |
| 25:10 | Crear | Villager (Male) |
| 25:10 | Crear | Villager (Male) |
| 25:10 | Crear | Villager (Male) |
| 25:11 | Crear | Villager (Male) |
| 25:11 | Crear | Villager (Male) |
| 25:11 | Crear | Villager (Male) |
| 25:12 | Crear | Villager (Male) |
| 25:14 | Construir | Farm |
| 25:19 | Construir | Farm |
| 25:23 | Crear | Villager (Male) |
| 25:23 | Crear | Villager (Male) |
| 27:03 | Construir | Town Center |
| 27:09 | Crear | Villager (Male) |
| 27:10 | Crear | Villager (Male) |
| 27:10 | Crear | Villager (Male) |
| 27:22 | Crear | Villager (Male) |
| 27:22 | Crear | Villager (Male) |
| 27:23 | Crear | Villager (Male) |
| 27:23 | Crear | Villager (Male) |
| 27:23 | Crear | Villager (Male) |
| 27:31 | Construir | Farm |
| 27:44 | Construir | Farm |
| 27:47 | Construir | Farm |
| 27:51 | Construir | House |
| 27:52 | Construir | House |
Build order — Besoin Dead
Primeras 150 de 270 acciones detectadas
| 0:02 | Crear | Villager (Male) |
| 0:02 | Crear | Villager (Male) |
| 0:03 | Crear | Villager (Male) |
| 0:03 | Crear | Villager (Male) |
| 0:03 | Crear | Villager (Male) |
| 0:07 | Construir | House |
| 0:09 | Construir | House |
| 1:26 | Construir | Lumber Camp |
| 1:36 | Crear | Villager (Male) |
| 2:06 | Crear | Villager (Male) |
| 2:33 | Crear | Villager (Male) |
| 2:34 | Crear | Villager (Male) |
| 2:52 | Crear | Villager (Male) |
| 2:52 | Crear | Villager (Male) |
| 3:10 | Construir | Mill |
| 3:14 | Crear | Villager (Male) |
| 3:14 | Crear | Villager (Male) |
| 3:43 | Crear | Villager (Male) |
| 3:52 | Construir | House |
| 4:10 | Crear | Villager (Male) |
| 4:10 | Crear | Villager (Male) |
| 4:19 | Crear | Villager (Male) |
| 4:20 | Crear | Villager (Male) |
| 4:38 | Construir | House |
| 4:50 | Crear | Villager (Male) |
| 4:50 | Crear | Villager (Male) |
| 4:57 | Crear | Villager (Male) |
| 4:58 | Investigar | Loom |
| 5:04 | Construir | House |
| 5:05 | Construir | House |
| 5:19 | Crear | Villager (Male) |
| 5:20 | Crear | Villager (Male) |
| 6:01 | Construir | Mill |
| 6:15 | Crear | Villager (Male) |
| 6:15 | Crear | Villager (Male) |
| 6:16 | Crear | Villager (Male) |
| 6:16 | Crear | Villager (Male) |
| 7:10 | Crear | Villager (Male) |
| 7:10 | Crear | Villager (Male) |
| 7:11 | Crear | Villager (Male) |
| 7:20 | Construir | Lumber Camp |
| 8:20 | Construir | Barracks |
| 8:50 | Construir | Mining Camp |
| 9:21 | Investigar | Feudal Age |
| 10:06 | Construir | Palisade Wall |
| 10:20 | Construir | Palisade Wall |
| 11:18 | Crear | Villager (Male) |
| 11:18 | Crear | Villager (Male) |
| 11:18 | Crear | Villager (Male) |
| 11:31 | Edad | Edad Feudal |
| 11:37 | Construir | Blacksmith |
| 12:01 | Construir | Market |
| 12:20 | Construir | Farm |
| 12:56 | Construir | Farm |
| 13:01 | Construir | Farm |
| 13:23 | Construir | Farm |
| 13:53 | Construir | Palisade Wall |
| 13:59 | Construir | Farm |
| 14:04 | Construir | Farm |
| 14:34 | Construir | Farm |
| 14:48 | Construir | Farm |
| 14:53 | Investigar | Castle Age |
| 15:08 | Construir | Stable |
| 15:16 | Construir | Farm |
| 15:52 | Investigar | Scale Barding Armor |
| 16:09 | Construir | Farm |
| 16:13 | Construir | Farm |
| 16:20 | Investigar | Horse Collar |
| 16:57 | Construir | Stable |
| 17:03 | Construir | House |
| 17:13 | Investigar | Double-Bit Axe |
| 17:25 | Crear | Villager (Male) |
| 17:25 | Crear | Villager (Male) |
| 17:33 | Edad | Edad de los Castillos |
| 17:38 | Crear | Knight |
| 17:38 | Crear | Knight |
| 17:57 | Construir | Town Center |
| 18:06 | Crear | Knight |
| 18:12 | Construir | Farm |
| 18:18 | Crear | Villager (Male) |
| 18:29 | Construir | Farm |
| 18:40 | Investigar | Husbandry |
| 19:05 | Construir | Town Center |
| 19:09 | Crear | Villager (Male) |
| 19:09 | Crear | Villager (Male) |
| 19:19 | Construir | Farm |
| 19:21 | Crear | Villager (Male) |
| 19:44 | Crear | Villager (Male) |
| 19:47 | Crear | Villager (Male) |
| 20:20 | Investigar | Wheelbarrow |
| 20:25 | Construir | Farm |
| 20:35 | Crear | Villager (Male) |
| 20:49 | Crear | Villager (Male) |
| 22:24 | Crear | Villager (Male) |
| 22:24 | Crear | Villager (Male) |
| 22:24 | Crear | Villager (Male) |
| 22:25 | Crear | Villager (Male) |
| 22:30 | Construir | Farm |
| 22:32 | Construir | Farm |
| 22:33 | Construir | Farm |
| 22:34 | Construir | Farm |
| 22:45 | Construir | Monastery |
| 22:51 | Investigar | Town Watch |
| 22:55 | Investigar | Bow Saw |
| 22:58 | Crear | Villager (Male) |
| 22:59 | Crear | Villager (Male) |
| 22:59 | Crear | Villager (Male) |
| 23:58 | Construir | Farm |
| 24:02 | Construir | Farm |
| 24:15 | Investigar | Heavy Plow |
| 24:18 | Investigar | Hand Cart |
| 24:22 | Crear | Villager (Male) |
| 24:23 | Crear | Villager (Male) |
| 24:23 | Crear | Villager (Male) |
| 24:23 | Crear | Villager (Male) |
| 24:30 | Crear | Villager (Male) |
| 24:30 | Crear | Villager (Male) |
| 24:47 | Crear | Villager (Male) |
| 24:47 | Crear | Villager (Male) |
| 24:47 | Crear | Villager (Male) |
| 24:53 | Construir | Farm |
| 25:09 | Construir | Monastery |
| 25:15 | Construir | Farm |
| 25:16 | Construir | Farm |
| 25:20 | Construir | House |
| 25:26 | Construir | House |
| 25:28 | Construir | House |
| 25:29 | Construir | House |
| 25:30 | Construir | House |
| 25:47 | Crear | Monk |
| 26:10 | Crear | Villager (Male) |
| 26:10 | Crear | Villager (Male) |
| 26:13 | Crear | Monk |
| 26:25 | Construir | Farm |
| 26:26 | Construir | Farm |
| 26:28 | Construir | Farm |
| 26:28 | Construir | Farm |
| 26:30 | Construir | Farm |
| 26:32 | Construir | Farm |
| 26:40 | Crear | Villager (Male) |
| 26:41 | Crear | Villager (Male) |
| 26:50 | Crear | Villager (Male) |
| 26:51 | Crear | Villager (Male) |
| 26:51 | Crear | Villager (Male) |
| 26:56 | Construir | Farm |
| 27:04 | Construir | Mining Camp |
| 27:09 | Investigar | Gold Mining |
| 27:45 | Crear | Villager (Male) |
| 27:46 | Crear | Villager (Male) |
| 27:46 | Crear | Villager (Male) |
Build order — Ziron
Primeras 150 de 310 acciones detectadas
| 0:01 | Crear | Villager (Male) |
| 0:01 | Crear | Villager (Male) |
| 0:01 | Crear | Villager (Male) |
| 0:03 | Construir | House |
| 0:04 | Construir | House |
| 0:32 | Crear | Villager (Male) |
| 0:33 | Crear | Villager (Male) |
| 1:37 | Crear | Villager (Male) |
| 1:47 | Construir | Lumber Camp |
| 2:06 | Crear | Villager (Male) |
| 2:35 | Crear | Villager (Male) |
| 2:52 | Crear | Villager (Male) |
| 2:52 | Crear | Villager (Male) |
| 3:22 | Crear | Villager (Male) |
| 3:23 | Crear | Villager (Male) |
| 3:44 | Crear | Villager (Male) |
| 4:00 | Construir | House |
| 4:09 | Construir | Mill |
| 4:13 | Crear | Villager (Male) |
| 4:13 | Crear | Villager (Male) |
| 4:54 | Crear | Villager (Male) |
| 4:54 | Crear | Villager (Male) |
| 5:03 | Crear | Villager (Male) |
| 5:03 | Crear | Villager (Male) |
| 6:02 | Crear | Villager (Male) |
| 6:03 | Investigar | Loom |
| 6:30 | Construir | Lumber Camp |
| 7:14 | Investigar | Feudal Age |
| 8:37 | Construir | House |
| 8:40 | Construir | Barracks |
| 8:48 | Crear | Villager (Male) |
| 8:49 | Crear | Villager (Male) |
| 9:24 | Edad | Edad Feudal |
| 9:29 | Investigar | Double-Bit Axe |
| 9:38 | Construir | Stable |
| 9:45 | Crear | Villager (Male) |
| 10:08 | Construir | House |
| 10:10 | Crear | Villager (Male) |
| 10:16 | Crear | Villager (Male) |
| 10:18 | Crear | Scout Cavalry |
| 10:18 | Crear | Scout Cavalry |
| 10:24 | Construir | Blacksmith |
| 10:31 | Construir | House |
| 10:37 | Construir | House |
| 10:39 | Crear | Villager (Male) |
| 10:50 | Crear | Villager (Male) |
| 11:07 | Crear | Scout Cavalry |
| 11:18 | Construir | House |
| 11:30 | Construir | Farm |
| 11:31 | Construir | Farm |
| 11:31 | Construir | Farm |
| 11:33 | Construir | Farm |
| 11:35 | Construir | Farm |
| 11:37 | Construir | Farm |
| 11:41 | Construir | Farm |
| 11:43 | Construir | Farm |
| 11:45 | Crear | Villager (Male) |
| 11:46 | Crear | Scout Cavalry |
| 12:03 | Construir | House |
| 12:05 | Construir | Palisade Wall |
| 12:07 | Crear | Villager (Male) |
| 12:08 | Construir | Farm |
| 12:41 | Crear | Villager (Male) |
| 12:46 | Construir | Farm |
| 12:49 | Construir | Farm |
| 13:46 | Crear | Villager (Male) |
| 13:46 | Crear | Villager (Male) |
| 14:39 | Crear | Villager (Male) |
| 14:40 | Crear | Villager (Male) |
| 14:43 | Construir | House |
| 14:44 | Construir | House |
| 15:15 | Construir | Farm |
| 15:16 | Construir | Farm |
| 15:18 | Construir | Farm |
| 15:19 | Construir | Farm |
| 15:58 | Crear | Villager (Male) |
| 15:58 | Crear | Villager (Male) |
| 16:01 | Construir | House |
| 16:03 | Construir | Mining Camp |
| 16:27 | Crear | Villager (Male) |
| 16:33 | Investigar | Gold Mining |
| 17:04 | Crear | Villager (Male) |
| 17:17 | Construir | Farm |
| 17:21 | Construir | Farm |
| 17:21 | Construir | Farm |
| 17:21 | Construir | Farm |
| 17:25 | Crear | Spearman |
| 17:25 | Crear | Spearman |
| 17:46 | Construir | Palisade Wall |
| 17:51 | Construir | Farm |
| 18:02 | Construir | Palisade Wall |
| 18:03 | Construir | Palisade Wall |
| 18:03 | Construir | Palisade Wall |
| 18:07 | Investigar | Castle Age |
| 18:49 | Construir | House |
| 19:13 | Construir | Stable |
| 19:20 | Construir | House |
| 19:21 | Construir | House |
| 19:22 | Construir | House |
| 19:24 | Construir | House |
| 19:32 | Construir | House |
| 20:24 | Investigar | Scale Barding Armor |
| 20:24 | Investigar | Forging |
| 20:47 | Edad | Edad de los Castillos |
| 20:51 | Crear | Villager (Male) |
| 20:51 | Crear | Villager (Male) |
| 20:57 | Investigar | Pikeman (upgrade) |
| 21:11 | Construir | Palisade Wall |
| 21:14 | Construir | House |
| 21:19 | Construir | Palisade Wall |
| 21:33 | Crear | Spearman |
| 21:33 | Crear | Spearman |
| 21:40 | Crear | Knight |
| 21:40 | Crear | Knight |
| 21:42 | Crear | Knight |
| 21:43 | Crear | Knight |
| 21:49 | Construir | Siege Workshop |
| 22:37 | Crear | Villager (Male) |
| 22:37 | Crear | Villager (Male) |
| 22:42 | Construir | House |
| 22:55 | Construir | Palisade Wall |
| 23:29 | Crear | Villager (Male) |
| 23:30 | Crear | Villager (Male) |
| 23:31 | Crear | Scorpion |
| 23:32 | Crear | Scorpion |
| 23:38 | Crear | Villager (Male) |
| 23:52 | Construir | Town Center |
| 24:09 | Investigar | Bow Saw |
| 24:12 | Crear | Scorpion |
| 24:18 | Crear | Knight |
| 24:19 | Crear | Knight |
| 24:24 | Investigar | Husbandry |
| 24:26 | Crear | Villager (Male) |
| 24:26 | Crear | Villager (Male) |
| 24:41 | Crear | Villager (Male) |
| 24:49 | Crear | Villager (Male) |
| 24:56 | Crear | Villager (Male) |
| 24:57 | Crear | Villager (Male) |
| 25:05 | Crear | Knight |
| 25:15 | Crear | Villager (Male) |
| 25:21 | Crear | Scorpion |
| 25:31 | Crear | Villager (Male) |
| 25:32 | Crear | Villager (Male) |
| 25:33 | Crear | Knight |
| 25:45 | Crear | Villager (Male) |
| 25:45 | Crear | Villager (Male) |
| 25:55 | Crear | Scorpion |
| 25:59 | Crear | Spearman |
| 26:00 | Crear | Spearman |
| 26:00 | Crear | Spearman |
Cronología de la partida
| 7:09 | Dumb_Armadillo · wall_segment Palisade Wall x7 |
| 7:35 | Dumb_Armadillo · wall_segment Palisade Wall x8 |
| 8:20 | Besoin Dead · first_building Barracks |
| 8:40 | Ziron · first_building Barracks |
| 8:49 | Juilji · first_building Barracks |
| 8:58 | Dumb_Armadillo · first_building Barracks |
| 9:16 | Dumb_Armadillo · wall_segment Palisade Wall x17 |
| 9:24 | Ziron · age_up feudal |
| 9:38 | Ziron · first_building Stable |
| 10:06 | Besoin Dead · wall_segment Palisade Wall x11 |
| 10:20 | Besoin Dead · wall_segment Palisade Wall x11 |
| 10:23 | Juilji · age_up feudal |
| 10:51 | Dumb_Armadillo · wall_segment Palisade Wall x11 |
| 11:31 | Besoin Dead · age_up feudal |
| 12:05 | Ziron · wall_segment Palisade Wall x5 |
| 12:15 | Dumb_Armadillo · age_up feudal |
| 12:31 | Dumb_Armadillo · first_building Stable |
| 13:53 | Besoin Dead · wall_segment Palisade Wall x14 |
| 15:08 | Besoin Dead · first_building Stable |
| 16:48 | Juilji · wall_segment Palisade Wall x1 |
| 16:56 | Juilji · wall_segment Palisade Wall x5 |
| 17:04 | Juilji · wall_segment Palisade Wall x8 |
| 17:08 | Juilji · wall_segment Palisade Wall x5 |
| 17:17 | Besoin Dead · first_market_buy 100 food |
| 17:20 | Juilji · wall_segment Palisade Wall x8 |
| 17:21 | Juilji · wall_segment Palisade Wall x1 |
| 17:22 | Juilji · wall_segment Palisade Wall x1 |
| 17:33 | Juilji · wall_segment Palisade Wall x8 |
| 17:33 | Besoin Dead · age_up castle |
| 17:46 | Ziron · wall_segment Palisade Wall x1 |
| 18:02 | Ziron · wall_segment Palisade Wall x1 |
| 18:03 | Ziron · wall_segment Palisade Wall x5 |
| 18:03 | Ziron · wall_segment Palisade Wall x1 |
| 18:58 | Juilji · first_building Stable |
| 20:47 | Ziron · age_up castle |
| 21:11 | Ziron · wall_segment Palisade Wall x1 |
| 21:19 | Ziron · wall_segment Palisade Wall x1 |
| 21:49 | Ziron · first_building Siege Workshop |
| 22:12 | Juilji · wall_segment Palisade Wall x26 |
| 22:36 | Juilji · age_up castle |
| 22:45 | Besoin Dead · first_building Monastery |
| 22:55 | Ziron · wall_segment Palisade Wall x1 |
| 23:29 | Dumb_Armadillo · age_up castle |
| 25:09 | Juilji · wall_segment Palisade Wall x5 |
| 26:07 | Juilji · wall_segment Palisade Wall x1 |
| 26:12 | Juilji · wall_segment Palisade Wall x1 |
| 26:22 | Juilji · first_building Monastery |
| 30:08 | Juilji · wall_segment Palisade Wall x1 |
| 30:21 | Juilji · wall_segment Palisade Wall x6 |
| 30:25 | Juilji · wall_segment Palisade Wall x8 |
| 30:32 | Juilji · wall_segment Palisade Wall x15 |
| 31:39 | Juilji · first_building Krepost |
| 31:47 | Dumb_Armadillo · first_building Monastery |
| 33:22 | Besoin Dead · age_up imperial |
| 35:28 | Juilji · wall_segment Palisade Wall x1 |
| 35:29 | Juilji · wall_segment Palisade Wall x1 |
| 36:37 | Dumb_Armadillo · first_market_sell 500 wood |
| 37:01 | Juilji · age_up imperial |
| 37:19 | Dumb_Armadillo · first_building Castle |
| 38:30 | Juilji · first_building Castle |
| 39:08 | Juilji · first_building Siege Workshop |
| 39:40 | Besoin Dead · first_building Castle |
| 39:54 | Dumb_Armadillo · first_building Archery Range |
| 40:21 | Dumb_Armadillo · age_up imperial |
| 44:26 | Ziron · first_building Castle |
| 46:06 | Juilji · wall_segment Palisade Wall x1 |
| 46:11 | Juilji · wall_segment Palisade Wall x3 |
| 46:44 | Ziron · resign |
[ ANÁLISIS IA · 1 CRÉDITO ]
¿Qué pasó realmente en esta partida?
Wolo.gg analiza cada decisión: build order, eco, micro, errores típicos por bracket. Análisis personalizado por WhatsApp o Discord en 30 segundos.
Guía civ
Búlgaros
Guía mapa
Arabia
Perfil
Jugador #974620